 Dungeon Crawl Stone Soup version 0.25-a0-96-g4073cf80fb (webtiles) character file.

Game seed: 221803337250049621, levelgen mode: deterministic

47 vurker the Magician (level 3, 0/25 HPs)
             Began as a Mummy Fire Elementalist on Nov 11, 2019.
             Slain by an adder (2 damage)
             ... on level 1 of the Dungeon.
             The game lasted 00:02:07 (1442 turns).

vurker the Magician (Mummy Fire Elementalist)       Turns: 1442, Time: 00:02:07

Health: 0/25       AC:  2    Str: 11    XL:     3   Next: 48%
Magic:  2/8        EV: 12    Int: 15    God:
Gold:   73         SH:  0    Dex: 12    Spells: 8/9 levels left

rFire    x . .     SeeInvis .   f - +1 dagger (elec)
rCold    + . .     Gourm    .   (no shield)
rNeg     + + +     Faith    .   a - +0 robe
rPois    ∞         Spirit   .   (no helmet)
rElec    .         Reflect  .   (no cloak)
rCorr    .         Harm     .   (no gloves)
MR       .....                  (no boots)
Stlth    ++........             (no amulet)
HPRegen  0.08/turn              (no ring)
MPRegen  0.11/turn              (no ring)

@: no status effects
A: no food or potions, fire vulnerability, cold resistance 1, negative energy
resistance 3, torment resistance, unbreathing
a: no special abilities


You were on level 1 of the Dungeon.
You were not hungry.

You visited 1 branch of the dungeon, and saw 2 of its levels.

You collected 73 gold pieces.

Inventory:

Hand Weapons
 f - a +1 dagger of electrocution (weapon)
   (You took it off a goblin on level 1 of the Dungeon)
Armour
 a - a +0 robe (worn)
Scrolls
 c - a scroll of blinking
 d - a scroll of amnesia {unknown}
 e - a scroll of remove curse {unknown}
 g - a scroll of enchant armour {unknown}


   Skills:
 + Level 0.9 Fighting
 - Level 1.5 Dodging
 - Level 1.5 Stealth
 * Level 3.5 Spellcasting
 * Level 1.5 Conjurations
 * Level 2.8 Fire Magic


You had 8 spell levels left.
You knew the following spells:

 Your Spells              Type           Power        Failure   Level  Hunger
a - Flame Tongue          Conj/Fire      #....        8%          1    N/A

Your spell library contained the following spells:

 Spells                   Type           Power        Failure   Level  Hunger
 Throw Flame              Conj/Fire      #.....       12%         2    N/A
 Conjure Flame            Conj/Fire      #.......     22%         3    N/A
 Inner Flame              Hex/Fire       #.......     32%         3    N/A
 Sticky Flame             Conj/Fire      #.......     58%         4    N/A
 Fireball                 Conj/Fire      #.........   91%         5    N/A

Dungeon Overview and Level Annotations

Branches:
Dungeon (2/15)

Altars:


Innate Abilities, Weirdness & Mutations

You do not eat or drink.
Your flesh is vulnerable to fire.
You are immune to poison.
Your flesh is cold resistant. (rC+)
You are immune to negative energy. (rN+++)
You are immune to unholy pain and torment.
You can survive without breathing.


Message History

Found a stone staircase leading down.
You can't see any susceptible monsters within range! (Use Z to cast anyway.) 2 jackals come into view.
Found a scroll of random uselessness.
You can't see any susceptible monsters within range! (Use Z to cast anyway.)
You can't see any susceptible monsters within range! (Use Z to cast anyway.)
The jackal barks! x2
An adder comes into view.
A jackal comes into view.
The jackal stops to sniff the ground.
The jackal bites you.
Aim: a jackal The flame tongue hits the jackal!
You kill the jackal!
The adder hisses angrily.
You hear a bark!
The jackal barks!
Aim: a jackal The flame tongue misses the jackal.
The jackal bites you. The jackal bites you.
You see here 18 bolts.
The jackal bites you. The jackal misses you. The jackal bites you.
Found 10 gold pieces.
The jackal bites you.
The jackal bites you but does no damage.
There is a stone staircase leading up here.
Aim: a jackal The flame tongue hits the jackal!
You kill the jackal!
The adder misses you.
You climb upwards.
There is a stone staircase leading down here.
Aim: an adder The flame tongue hits the adder.
The adder barely misses you. The adder bites you.
Aim: an adder (moderately wounded)
The flame tongue hits the adder.
The adder bites you but does no damage.
Aim: an adder (heavily wounded)
The flame tongue hits the adder.
The adder closely misses you.
Aim: an adder (almost dead)
The flame tongue misses the adder.
The adder bites you. x2
* * * LOW HITPOINT WARNING * * *
You closely miss the adder. The adder barely misses you.
You hit the adder. The adder bites you.
* * * LOW HITPOINT WARNING * * *
Aim: an adder (almost dead)
The flame tongue misses the adder.
The adder bites you.
* * * LOW HITPOINT WARNING * * *
The adder bites you.
You die...

...# #.........!.......#
...####................#
...##..................######
...##.......................#
...##.......................#
...##..............(##...)..#
#####...............##...†..#
#####......##....S..##......#####
.........(......@................
##......##..................#####
##....####...#####.....#####.....
.#...)####......##........##.####
........##....(.##........##.#
........##......######....##.####
........##......#### #...........
........##.........########†####.
.####'###...............##.......


You could see an adder.

Vanquished Creatures
  A gnoll (D:1)
  An ooze (D:1)
  2 dart slugs (D:1)
  A leopard gecko (D:1)
  4 bats (D:1)
  A giant cockroach (D:1)
  5 goblins (D:1)
  4 hobgoblins (D:1)
  2 jackals (D:2)
  A ball python (D:1)
  2 frilled lizards (D:1)
  A kobold (D:1)
  4 rats (D:1)
29 creatures vanquished.

Notes
Turn   | Place    | Note
-------+----------+-------------------------------------------
     0 | D:1      | vurker the Mummy Fire Elementalist began the quest for the
                  | Orb.
     0 | D:1      | Reached XP level 1. HP: 13/13 MP: 4/4
    78 | D:1      | Reached skill level 1 in Conjurations
   153 | D:1      | Reached XP level 2. HP: 13/19 MP: 0/5
   258 | D:1      | Reached skill level 3 in Spellcasting
   421 | D:1      | Reached XP level 3. HP: 7/25 MP: 0/7
  1442 | D:1      | Slain by an adder

Levels and vault maps discovered:
D:1:      dpeg_arrival_tiny_h, layout_basic
D:2:      layout_loops_ring, first_ration, kennysheep_small_spiral

Skill      XL: |  1  2 |
---------------+-------+-----
Conjurations   | 1 |  1.5
Spellcasting   | 3 |  3.5
Fighting       | |  0.9
Dodging        | |  1.5
Stealth        | |  1.5
Fire Magic     | |  2.8

Action                   || total
-------------------------++-------
Melee: Unarmed           ||     4
       Dagger            ||    19
 Cast: Flame Tongue      ||    52
  Use: Scroll            ||     2
Armor: Robe              ||     6
Dodge: Dodged            ||    35

Table legend:
 A = Non-vault XP
 B = Vault XP
 C = Vault XP percentage of total XP
 D = Non-vault monster count
 E = Vault monster count
 F = Vault count percentage of total count
                 A         B        C        D         E       F
            +---------+---------+-------+---------+---------+-------
      Total |      68 |       0 |   0.0 |      29 |       0 |   0.0
            +---------+---------+-------+---------+---------+-------
        D:1 |      64 |       0 |   0.0 |      27 |       0 |   0.0
        D:2 |       4 |       0 |   0.0 |       2 |       0 |   0.0
            +---------+---------+-------+---------+---------+-------
